 Dungeon Crawl Stone Soup version 0.28.0-62-gf88900778d (webtiles) character file.

Game seed: 7657000273798168972

325 cbfl8 the Chopper (level 6, 0/53 HPs)
             Began as a Minotaur Fighter on Sept 8, 2023.
             Slain by Pikel
             ... wielding a +2 whip of flaming
              (1 damage)
             ... on level 4 of the Dungeon.
             The game lasted 00:02:46 (3122 turns).

cbfl8 the Chopper (Minotaur Fighter)                Turns: 3122, Time: 00:02:46

Health: 0/53       AC:  7    Str: 20    XL:     6   Next: 24%
Magic:  5/5        EV:  9    Int:  5    God:
Gold:   127        SH:  6    Dex: 12    Spells: 5/5 levels left

rFire   . . .      SeeInvis .   a - +1 war axe
rCold   . . .      Faith    .   c - +1 buckler
rNeg    . . .      Spirit   .   b - +0 scale mail
rPois   .          Reflect  .   (helmet restricted)
rElec   .          Harm     .   (no cloak)
rCorr   +          Rampage  .   (no gloves)
Will    .....                   (no boots)
Stlth   ..........              (no amulet)
HPRegen 0.17/turn               g - ring of resist corrosion
MPRegen 0.09/turn               j - +4 ring of slaying

@: no status effects
A: horns 2, retaliatory headbutt
a: no special abilities


You were on level 4 of the Dungeon.
You visited 1 branch of the dungeon, and saw 4 of its levels.

You collected 127 gold pieces.

Inventory:

Hand Weapons
 a - a +1 war axe (weapon)
Armour
 b - a +0 scale mail (worn)
 c - a +1 buckler (worn)
Jewellery
 g - a ring of resist corrosion (left hand)
 j - a +4 ring of slaying (right hand)
Scrolls
 f - 2 scrolls of enchant armour
 h - a scroll of magic mapping
 n - a scroll of immolation
Potions
 d - 2 potions of might
 i - a potion of flight {unknown}
 p - a potion of haste {unknown}


   Skills:
 + Level 4.7 Fighting
 + Level 5.0 Axes
 + Level 5.0 Armour
 + Level 4.1 Shields
 * Level 2.4 Evocations


You had 5 spell levels left.
You didn't know any spells.
Your spell library contained the following spells:

 Spells                   Type           Power      Damage    Failure   Level
 Blink                    Tloc           0%         N/A       96%         2
 Ignite Poison            Fire/Tmut/Pois 0%         N/A       99%         3
 Mephitic Cloud           Conj/Pois/Air  0%         N/A       99%         3
 Freezing Cloud           Conj/Ice/Air   0%         6-21      100%        5
 Manifold Assault         Tloc           0%         N/A       100%        5
 Storm Form               Tmut/Air       0%         N/A       100%        7


Dungeon Overview and Level Annotations

Branches:
Dungeon (4/15)
 Temple: D:4-7

Altars:
Makhleb

Annotations:
D:4 Pikel


Innate Abilities, Weirdness & Mutations

You have a pair of horns on your head.
You reflexively headbutt those who attack you in melee.


Message History

You hear a shout!
The lemure barely misses you.
There are monsters nearby!
You slash the lemure!
The lemure is severely wounded.
The lemure hits you.
Unknown command.
You slash the lemure!
You kill the lemure!
That felt strangely unrewarding.
The lemure hits you.
An ogre comes into view. It is wielding a +0 giant club.
Unknown command.
The ogre shouts!
You slash the lemure! You headbutt the lemure!
The lemure is severely wounded.
You hit the lemure. The lemure hits you. The lemure hits you!
You barely miss Pikel. You barely miss the lemure. You hit the lemure.
The lemure barely misses you. x2; You furiously retaliate!
You headbutt the lemure.
Pikel hits you with a +2 whip of flaming!
Pikel burns you.
Unknown command.
You hit Pikel but do no damage. You slash the lemure!
You kill the lemure!
That felt strangely unrewarding.
You hit the lemure. The lemure hits you!
* * * LOW HITPOINT WARNING * * *
Pikel hits you with a +2 whip of flaming.
* * * LOW HITPOINT WARNING * * *
Pikel burns you.
* * * LOW HITPOINT WARNING * * *
You block the lemure's attack.
Pikel hits you with a +2 whip of flaming.
* * * LOW HITPOINT WARNING * * *
Pikel burns you.
* * * LOW HITPOINT WARNING * * *
Okay, then.
The ogre closely misses you. Pikel waves his whip at you.
Pikel hits you with a +2 whip of flaming.
You die...

*.######ยง#***###****,,,,,,,,
*,* *,,...,,,...,,,,,,,,,,,,
*,* *,*#..,,,..#****,***,,,,
*,* *,*#######.####*,* *,,,,
*,* *,*#..........,*,* *,,,,
*,***,##........##,*,* *,,,,
*,,,,,...!.?.....#.#,* *,***
****#.######K....#.#,* *,*
#......@5O<..#.#,* *,*
#..######....#(#,* *,*
*********,,* #.....#.#,* *,*
*,,,,,,,,,,#####....##.#,*
*,***
*,,,,,,,,>,............#,*
*,**,
*,,,,,,,,*,#####....#..#,*
*,**, *,,,,,,,,,,,,*
#....#..#,* *,**,
***,*****,,,,*
#....#..#,***,**, *,*
*,,,,**#....##.#,,,,,,,,


You could see Pikel, an ogre and a lemure.

Vanquished Creatures
  An ogre (D:4)
  3 lemures (D:4)
  A phantom (D:3)
  A hound (D:4)
  An iguana (D:4)
  2 adders
  3 dart slugs
  4 orcs
  A ball python (D:1)
  7 bats
  8 endoplasms
  5 giant cockroaches
  6 goblins
  9 hobgoblins
  11 jackals (D:1)
  9 kobolds
  3 quokkas
  3 frilled lizards (D:1)
  6 rats
84 creatures vanquished.

Notes
Turn   | Place    | Note
-------+----------+-------------------------------------------
     0 | D:1      | cbfl8 the Minotaur Fighter began the quest for the Orb.
     0 | D:1      | Reached XP level 1. HP: 19/19 MP: 0/0
   225 | D:1      | Reached XP level 2. HP: 27/27 MP: 1/1
   570 | D:1      | Reached XP level 3. HP: 28/33 MP: 2/2
   619 | D:1      | Reached skill level 1 in Evocations
   651 | D:1      | Found a faded altar of an unknown god.
  1165 | D:2      | Found a burning altar of Makhleb.
  1302 | D:2      | Reached XP level 4. HP: 32/40 MP: 3/3
  2792 | D:4      | Noticed a lemure
  2793 | D:4      | Noticed Pikel
  2798 | D:4      | Noticed a lemure
  2799 | D:4      | Reached XP level 5. HP: 45/47 MP: 4/4
  2801 | D:4      | Noticed a phantom
  2802 | D:4      | Noticed an ogre
  2831 | D:3      | Killed a phantom
  3001 | D:4      | Killed an ogre
  3002 | D:4      | Reached skill level 5 in Axes
  3002 | D:4      | Reached skill level 5 in Armour
  3002 | D:4      | Reached XP level 6. HP: 40/53 MP: 5/5
  3119 | D:4      | HP: 2/53 [Pikel/+2 whip of flaming (1)]
  3122 | D:4      | Slain by Pikel

Illustrated notes

Levels and vault maps discovered:
D:1:      psy_arrival_fountain, layout_loops_ring,
          hellmonk_ecumenical_altar_dog_temple, eino_curves_04
D:2:      layout_loops_ring, basic_altar
D:3:      layout_basic
D:4:      layout_basic, uniq_pikel

Skill      XL: |  1  2  3  4  5 |
---------------+----------------+-----
Armour         | 4 5 |  5.0
Evocations     | 1 2 |  2.4
Fighting       | 4 |  4.7
Axes           | 3 4 5 |  5.0
Shields        | 4 |  4.1

Action                   |  1- 3 |  4- 6 || total
-------------------------+-------+-------++-------
Melee: War axe           |    97 |    70 ||   167
       Headbutt          |     9 |    10 ||    19
  Use: Scroll            |     1 |     9 ||    10
Armor: Scale mail        |    40 |    26 ||    66
Dodge: Dodged            |    49 |    35 ||    84
Block: Buckler           |    20 |    23 ||    43
